 Dungeon Crawl Stone Soup version 0.27-a0-1308-gc08437e49b (webtiles) character file.

Game seed: 1694468222846462125

63 lmSkywalker the Firebug (level 3, -6/26 HPs)
             Began as a Draconian Fire Elementalist on June 18, 2021.
             Mangled by a worm (9 damage)
             ... on level 2 of the Dungeon.
             The game lasted 00:06:14 (2260 turns).

lmSkywalker the Firebug (DrFE)                      Turns: 2260, Time: 00:06:14

Health: -6/26      AC:  6    Str: 10    XL:     3   Next: 89%
Magic:  6/6        EV: 12    Int: 16    God:
Gold:   85         SH:  0    Dex: 11    Spells: 6/7 levels left

rFire    . . .     SeeInvis .   b - staff of air
rCold    + . .     Faith    .   (no shield)
rNeg     . . .     Spirit   .   (armour unavailable)
rPois    .         Reflect  .   (helmet restricted)
rElec    +         Harm     .   g - +0 cloak
rCorr    .         Rampage  .   (no gloves)
Will     .....                  (no boots)
Stlth    ++........             (no amulet)
HPRegen  0.08/turn              a - ring of protection from cold
MPRegen  0.10/turn              (no ring)

@: no status effects
A: AC +5, unfitting armour, cold-blooded
a: no special abilities


You were on level 2 of the Dungeon.
You visited 1 branch of the dungeon, and saw 2 of its levels.

You collected 85 gold pieces.

Inventory:

Armour
 g - a +0 cloak (worn)
Magical Staves
 b - a staff of air (weapon)
Jewellery
 a - a ring of protection from cold (left hand)
 e - a +4 ring of evasion
Scrolls
 c - a scroll of enchant weapon {unknown}
 d - a scroll of identify {unknown}
 h - a scroll of fog {unknown}
Potions
 f - a potion of heal wounds {unknown}


   Skills:
 + Level 2.4 Dodging
 - Level 1.7 Stealth
 + Level 2.6 Spellcasting
 + Level 2.0 Conjurations
 + Level 3.5 Fire Magic


You had 6 spell levels left.
You knew the following spells:

 Your Spells              Type           Power      Damage    Failure   Level
a - Foxfire               Conj/Fire      40%        2x1d6     6%          1

Your spell library contained the following spells:

 Spells                   Type           Power      Damage    Failure   Level
 Conjure Flame            Conj/Fire      10%        6-21      19%         3
 Inner Flame              Hex/Fire       7%         N/A       28%         3
 Sticky Flame             Conj/Fire      10%        2d3       52%         4
 Fireball                 Conj/Fire      5%         3d5       86%         5


Dungeon Overview and Level Annotations

Branches:
Dungeon (2/15)

Altars:
Zin

Shops:
D:1 (


Innate Abilities, Weirdness & Mutations

Your plain brown scales are hard. (AC +5)
You cannot fit into any form of body armour.
You are cold-blooded and may be slowed by cold attacks.


Message History

Casting: Foxfire (safe; 6% risk of failure)
Confirm with . or Enter, or press ? or * to list all spells.
You conjure some foxfire!
The worm bites you!
The foxfire hits the worm.
The worm is heavily wounded.
Casting: Foxfire (safe; 6% risk of failure)
Confirm with . or Enter, or press ? or * to list all spells.
You conjure some foxfire!
The worm bites you but does no damage.
The foxfire hits the worm.
The worm is severely wounded.
The worm bites you.
* * * LOW HITPOINT WARNING * * *
You see here a jackal corpse.
A worm is nearby!
A worm is nearby!
You see here a hobgoblin corpse.
An endoplasm comes into view.
An endoplasm is nearby!
Magic restored.
A worm is nearby!
A worm is nearby!
The worm misses you.
You hit the worm.
The worm is moderately wounded.
You hit the worm. You tail-slap the worm.
The worm is moderately wounded.
The worm misses you.
You hit the worm.
The worm is heavily wounded.
The worm barely misses you.
You hit the worm but do no damage. You tail-slap the worm.
The worm is heavily wounded.
You hit the worm.
The worm is severely wounded.
The worm bites you!
* * * LOW HITPOINT WARNING * * *
You hit the worm.
The worm is almost dead.
The worm bites you!
You die...

#.# #......#
#...#. #.#
#.#†#..####.....
#.#
#.#.#...........
#.#
#.#.##########.†
#.# #.#.#
........>
#.#########.#.#
########.
#.......†.....# #.
#########w#.### #.
#@### #. #.# #.
#.# #. #.# #. #.#
#. #.#######.# #.
#........J# #.
#################.
#.........†.......


You could see a worm.

Vanquished Creatures
  An adder (D:2)
  2 dart slugs (D:1)
  2 endoplasms (D:1)
  A giant cockroach (D:2)
  2 goblins (D:1)
  3 hobgoblins
  11 jackals
  3 quokkas
  4 ball pythons
  5 bats (D:1)
  3 frilled lizards
  5 kobolds
  5 rats
47 creatures vanquished.

Vanquished Creatures (others)
  91 foxfires
91 creatures vanquished.

Grand Total: 138 creatures vanquished

Notes
Turn   | Place    | Note
-------+----------+-------------------------------------------
     0 | D:1      | lmSkywalker the Draconian Fire Elementalist began the quest
                  | for the Orb.
     0 | D:1      | Reached XP level 1. HP: 14/14 MP: 3/3
   528 | D:1      | Reached XP level 2. HP: 18/20 MP: 1/5
   852 | D:1      | Found Naxer's Weapon Emporium.
  1244 | D:1      | Reached XP level 3. HP: 25/26 MP: 6/6
  2089 | D:2      | Found a glowing silver altar of Zin.
  2260 | D:2      | Mangled by a worm

Illustrated notes

Levels and vault maps discovered:
D:1:      pf_arrival_petrified_forest, layout_loops_corners, serial_shops, shop
D:2:      layout_basic, basic_altar

Skill      XL: |  1  2  3 |
---------------+----------+-----
Dodging        | 2 |  2.4
Conjurations   | 2 |  2.0
Stealth        | |  1.7
Spellcasting   | |  2.6
Fire Magic     | |  3.5

Action                   || total
-------------------------++-------
Melee: Unarmed           ||    11
       Staff             ||    54
       Tailslap          ||     4
 Cast: Foxfire           ||    56
Armor: Skin              ||    28
Dodge: Dodged            ||    72

Table legend: (Time is in decaauts)
 A = Elapsed time spent in this place.
 B = Non-inter-level travel time spent in this place.
 C = Inter-level travel time spent in this place.
 D = Time resting spent in this place.
 E = Time spent auto-exploring this place.
 F = Levels seen in this place.
 G = Mean time per level.
                   A        B        C        D        E       F      G
               +--------+--------+--------+--------+--------+-----+--------+
         Total |   2270 |   2226 |     44 |    453 |   1155 |   2 | 1135.0 |
       Dungeon |   2270 |   2226 |     44 |    453 |   1155 |   2 | 1135.0 |
               +--------+--------+--------+--------+--------+-----+--------+

Top non-repeatable levels by time:
     D:1: 1732 daAuts
     D:2: 537 daAuts
